| TOP OF THE 1ST |
|
Madison Brewers batting - Pitching for Victoria Capitals : RHP Raul Lopez
|
|
Pitching: RHP Raul Lopez
|
|
|
Batting: RHB Victor Alarcon
|
0-0: Ball 1-0: Ball 2-0: Called Strike 2-1: Foul Ball, location: 2F 2-2: Ball 3-2: Foul Ball, location: 2F 3-2: Strikes out swinging
|
|
Batting: RHB Chris Fruit
|
0-0: Called Strike 0-1: Swinging Strike 0-2: Strikes out looking
|
|
Batting: SHB Aaron Neill
|
0-0: Called Strike 0-1: Fly out, F5 (Line Drive, 5, EV 62.5 MPH)
|
| Top of the 1st over - 0 runs, 0 hits, 0 errors, 0 left on base; Madison 0 - Victoria 0 |
| BOTTOM OF THE 1ST |
|
Victoria Capitals batting - Pitching for Madison Brewers : RHP Jim Strickland
|
|
Pitching: RHP Jim Strickland
|
|
|
Batting: RHB Heihachiro Fujita
|
0-0: Ball 1-0: Called Strike 1-1: Called Strike 1-2: Ball 2-2: Foul Ball, location: 2F 2-2: Ball 3-2: SINGLE (Groundball, 56D, EV 94.4 MPH)
|
|
Batting: LHB Taki Matsui
|
0-0: Ball Heihachiro Fujita is caught stealing 2nd base 2-6 1-0: Ball 2-0: Foul Ball, location: 2F 2-1: Ball 3-1: Base on Balls
|
|
Batting: SHB Carlos Luna
|
0-0: Ball 1-0: Called Strike 1-1: SINGLE (Flyball, 5D, EV 93.1 MPH) Taki Matsui to second
|
|
Batting: RHB Nick Edmunds
|
0-0: Ball 1-0: Called Strike 1-1: Called Strike 1-2: Ball 2-2: Strikes out looking
|
|
Batting: LHB Chang Huie
|
0-0: Called Strike 0-1: Fly out, F8 (Flyball, 8RM, EV 92.5 MPH)
|
| Bottom of the 1st over - 0 runs, 2 hits, 0 errors, 2 left on base; Madison 0 - Victoria 0 |
| TOP OF THE 2ND |
|
Madison Brewers batting - Pitching for Victoria Capitals : RHP Raul Lopez
|
|
Batting: SHB Jerry Duffy
|
0-0: SOLO HOME RUN (Flyball, 78XD, EV 99.4 MPH), Distance : 403 ft
|
|
Batting: LHB Sal Burgos
|
0-0: Called Strike 0-1: Ground out U3 (Groundball, 3, EV 102.5 MPH)
|
|
Batting: SHB Ramon Perez
|
0-0: Called Strike 0-1: Ball 1-1: Foul Ball, location: 2F 1-2: SOLO HOME RUN (Flyball, 78XD, EV 103.8 MPH), Distance : 391 ft
|
|
Batting: RHB Herb McIntyre
|
0-0: Ball 1-0: SINGLE (Groundball, 56D, EV 95.0 MPH)
|
|
Batting: RHB Jesus Menjivar
|
0-0: Foul Ball, location: 2F 0-1: Swinging Strike 0-2: Ball 1-2: Foul Ball, location: 2F 1-2: Ball 2-2: Foul Ball, location: 2F 2-2: Ball 3-2: Strikes out swinging
|
|
Batting: RHB Justin Marino
|
0-0: Foul Ball, location: 2F 0-1: Ball 1-1: Fly out, F6 (Line Drive, 6, EV 76.3 MPH)
|
| Top of the 2nd over - 2 runs, 3 hits, 0 errors, 1 left on base; Madison 2 - Victoria 0 |
| BOTTOM OF THE 2ND |
|
Victoria Capitals batting - Pitching for Madison Brewers : RHP Jim Strickland
|
|
Batting: SHB Ray Skogen
|
0-0: Ball 1-0: Ball 2-0: Called Strike 2-1: Foul Ball, location: 2F 2-2: Foul Ball, location: 2F 2-2: Ball 3-2: Hit by Pitch
|
|
Batting: RHB Jesus Santiago
|
0-0: Called Strike Ray Skogen is caught stealing 2nd base 2-4 0-1: Ball 1-1: Foul Ball, location: 2F 1-2: Ball 2-2: Ball 3-2: Foul Ball, location: 2F 3-2: Fly out, F9 (Flyball, 89D, EV 101.3 MPH)
|
|
Batting: RHB Jung-wan Aan
|
0-0: Called Strike 0-1: Ball 1-1: Swinging Strike 1-2: Foul Ball, location: 2F 1-2: Ball 2-2: Foul Ball, location: 2F 2-2: Ball 3-2: Foul Ball, location: 2F 3-2: Foul Ball, location: 2F 3-2: SINGLE (Line Drive, 5D, EV 95.0 MPH)
|
|
Batting: RHB David Greene
|
0-0: Ball 1-0: Ball 2-0: Called Strike 2-1: Ball 3-1: Called Strike 3-2: Strikes out swinging
|
| Bottom of the 2nd over - 0 runs, 1 hit, 0 errors, 1 left on base; Madison 2 - Victoria 0 |
| TOP OF THE 3RD |
|
Madison Brewers batting - Pitching for Victoria Capitals : RHP Raul Lopez
|
|
Batting: RHB Victor Alarcon
|
0-0: Ball 1-0: Ball 2-0: Ball 3-0: Called Strike 3-1: SINGLE (Groundball, 56D, EV 105.6 MPH)
|
|
Batting: RHB Chris Fruit
|
0-0: Ball 1-0: Ball 2-0: Called Strike 2-1: Foul Ball, location: 2F 2-2: Ball 3-2: DOUBLE (Flyball, 8RXD, EV 100.6 MPH) Victor Alarcon to third
|
|
Batting: SHB Aaron Neill
|
0-0: Ball 1-0: Foul Ball, location: 2F 1-1: Foul Ball, location: 2F 1-2: Ball 2-2: TRIPLE (Line Drive, 9LD, EV 103.8 MPH) Victor Alarcon scores Chris Fruit scores
|
|
Batting: SHB Jerry Duffy
|
0-0: Ball 1-0: Ball 2-0: Fly out, F7 (Flyball, 7LM, EV 105.0 MPH) Runner from 3rd tags up, SCORES, throw by LF
|
|
Batting: LHB Sal Burgos
|
0-0: Called Strike 0-1: Ball 1-1: Ground out 4-3 (Groundball, 34D, EV 83.8 MPH)
|
|
Batting: SHB Ramon Perez
|
0-0: Ball 1-0: Foul Ball, location: 2F 1-1: Swinging Strike 1-2: Ball 2-2: Ball 3-2: SOLO HOME RUN (Flyball, 9LD, EV 94.4 MPH), Distance : 346 ft
|
|
Batting: RHB Herb McIntyre
|
0-0: Ball 1-0: Foul Ball, location: 2F 1-1: Ball 2-1: Called Strike 2-2: Foul Ball, location: 2F 2-2: Ball 3-2: Foul Ball, location: 2F 3-2: Fly out, F9 (Flyball, 9, EV 89.4 MPH)
|
| Top of the 3rd over - 4 runs, 4 hits, 0 errors, 0 left on base; Madison 6 - Victoria 0 |
| BOTTOM OF THE 3RD |
|
Victoria Capitals batting - Pitching for Madison Brewers : RHP Jim Strickland
|
|
Batting: RHB Heihachiro Fujita
|
0-0: Ball 1-0: Foul Ball, location: 2F 1-1: Fly out, F9 (Line Drive, 9, EV 88.8 MPH)
|
|
Batting: LHB Taki Matsui
|
0-0: SOLO HOME RUN (Flyball, 9D, EV 100.0 MPH), Distance : 377 ft
|
|
Batting: SHB Carlos Luna
|
0-0: Ground out 4-3 (Groundball, 4D, EV 100.0 MPH)
|
|
Batting: RHB Nick Edmunds
|
0-0: Ground out U3 (Groundball, 3L, EV 92.5 MPH)
|
| Bottom of the 3rd over - 1 run, 1 hit, 0 errors, 0 left on base; Madison 6 - Victoria 1 |
| TOP OF THE 4TH |
|
Madison Brewers batting - Pitching for Victoria Capitals : RHP Raul Lopez
|
|
Batting: RHB Jesus Menjivar
|
0-0: Ball 1-0: Foul Ball, location: 2F 1-1: Ball 2-1: Foul Ball, location: 2F 2-2: Strikes out swinging passed ball, reaches first!
|
|
Batting: RHB Justin Marino
|
0-0: Called Strike 0-1: Called Strike 0-2: Ball 1-2: Foul Ball, location: 2F 1-2: Ball 2-2: Foul Ball, location: 2F 2-2: Ball 3-2: Strikes out swinging Jesus Menjivar is caught stealing 2nd base 2-4 Batter strikes out.
|
|
Batting: RHB Victor Alarcon
|
0-0: Called Strike 0-1: Called Strike 0-2: Foul Ball, location: 2F 0-2: Ball 1-2: Ball 2-2: Ground out 2-3 (Groundball, 2R, EV 69.4 MPH)
|
| Top of the 4th over - 0 runs, 0 hits, 0 errors, 0 left on base; Madison 6 - Victoria 1 |
| BOTTOM OF THE 4TH |
|
Victoria Capitals batting - Pitching for Madison Brewers : RHP Jim Strickland
|
|
Batting: LHB Chang Huie
|
0-0: Ball 1-0: Fly out, F9 (Line Drive, 9, EV 98.1 MPH)
|
|
Batting: SHB Ray Skogen
|
0-0: Fly out, F8 (Flyball, 89XD, EV 100.6 MPH)
|
|
Batting: RHB Jesus Santiago
|
0-0: DOUBLE (Flyball, 9LM, EV 107.5 MPH)
|
|
Batting: RHB Jung-wan Aan
|
0-0: Fly out, F9 (Flyball, 9LM, EV 83.8 MPH)
|
| Bottom of the 4th over - 0 runs, 1 hit, 0 errors, 1 left on base; Madison 6 - Victoria 1 |
| TOP OF THE 5TH |
|
Madison Brewers batting - Pitching for Victoria Capitals : RHP Raul Lopez
|
|
Batting: RHB Chris Fruit
|
0-0: Ball 1-0: Ball 2-0: Foul Ball, location: 2F 2-1: Ball 3-1: Foul Ball, location: 2F 3-2: Foul Ball, location: 2F 3-2: Foul Ball, location: 2F 3-2: Foul Ball, location: 2F 3-2: Foul Ball, location: 2F 3-2: Base on Balls
|
|
Pitching: RHP Jose Acevedo
|
|
|
Batting: SHB Aaron Neill
|
0-0: Called Strike 0-1: Ball 1-1: Fielders Choice at 2nd, 5-4 (Groundball, 56, EV 85.6 MPH)
|
|
Batting: SHB Jerry Duffy
|
0-0: Ball 1-0: Called Strike Pickoff Throw by Catcher to First - Error! E2 Aaron Neill to second 1-1: Ball 2-1: Ball 3-1: Fly out, F7 (Flyball, 78D, EV 102.5 MPH)
|
|
Batting: LHB Sal Burgos
|
0-0: Called Strike 0-1: Swinging Strike 0-2: Foul Ball, location: 2F 0-2: Ball 1-2: Foul Ball, location: 2F 1-2: Fly out, F7 (Flyball, 7LS, EV 88.1 MPH)
|
| Top of the 5th over - 0 runs, 0 hits, 1 error, 1 left on base; Madison 6 - Victoria 1 |
| BOTTOM OF THE 5TH |
|
Victoria Capitals batting - Pitching for Madison Brewers : RHP Jim Strickland
|
|
Batting: RHB David Greene
|
0-0: Fly out, F7 (Flyball, 78M, EV 84.4 MPH)
|
|
Batting: RHB Heihachiro Fujita
|
0-0: Ball 1-0: Called Strike 1-1: Ball 2-1: Ball 3-1: Called Strike 3-2: SINGLE (Line Drive, 34D, EV 97.5 MPH)
|
|
Batting: LHB Taki Matsui
|
0-0: Ball 1-0: Called Strike 1-1: Foul Ball, location: 2F 1-2: Strikes out swinging
|
|
Batting: SHB Carlos Luna
|
0-0: Ball 1-0: Ball 2-0: Swinging Strike 2-1: Ball 3-1: Called Strike 3-2: Fly out, F9 (Flyball, 9, EV 96.9 MPH)
|
| Bottom of the 5th over - 0 runs, 1 hit, 0 errors, 1 left on base; Madison 6 - Victoria 1 |
| TOP OF THE 6TH |
|
Madison Brewers batting - Pitching for Victoria Capitals : RHP Jose Acevedo
|
|
Batting: SHB Ramon Perez
|
0-0: Called Strike 0-1: Foul Ball, location: 2F 0-2: Strikes out swinging
|
|
Batting: RHB Herb McIntyre
|
0-0: Foul Ball, location: 2F 0-1: Called Strike 0-2: Fly out, F7 (Flyball, 78D, EV 93.8 MPH)
|
|
Pinch Hitting: SHB Sam Bingham
|
0-0: Swinging Strike 0-1: Called Strike 0-2: Ball 1-2: Strikes out looking
|
| Top of the 6th over - 0 runs, 0 hits, 0 errors, 0 left on base; Madison 6 - Victoria 1 |
| BOTTOM OF THE 6TH |
|
Victoria Capitals batting - Pitching for Madison Brewers : RHP Jim Strickland
|
|
Pitching: LHP Tim Phillips
|
|
|
Now in CF: Alfredo Sena
|
|
|
Batting: RHB Nick Edmunds
|
0-0: Ball 1-0: Ball 2-0: Foul Ball, location: 2F 2-1: Ball 3-1: Foul Ball, location: 2F 3-2: Foul Ball, location: 2F 3-2: Foul Ball, location: 2F 3-2: Base on Balls
|
|
Batting: LHB Chang Huie
|
0-0: Called Strike 0-1: Ball 1-1: Swinging Strike 1-2: Strikes out swinging
|
|
Batting: SHB Ray Skogen
|
0-0: DOUBLE (Line Drive, 89D, EV 101.3 MPH) Nick Edmunds to third
|
|
Batting: RHB Jesus Santiago
|
0-0: Ground out 4-3 (Groundball, 13, EV 85.0 MPH) Nick Edmunds scores Ray Skogen to third
|
|
Batting: RHB Jung-wan Aan
|
0-0: Called Strike 0-1: Ball 1-1: Ball 2-1: Ball 3-1: Called Strike 3-2: Base on Balls
|
|
Batting: RHB David Greene
|
0-0: Ball 1-0: TRIPLE (Flyball, 8RXD, EV 98.1 MPH) Ray Skogen scores Jung-wan Aan scores
|
|
Pitching: RHP Alejandro Souto
|
|
|
Batting: RHB Heihachiro Fujita
|
0-0: Called Strike 0-1: Fly out, F8 (Flyball, 8RS, EV 75.6 MPH)
|
| Bottom of the 6th over - 3 runs, 2 hits, 0 errors, 1 left on base; Madison 6 - Victoria 4 |
| TOP OF THE 7TH |
|
Madison Brewers batting - Pitching for Victoria Capitals : RHP Jose Acevedo
|
|
Pitching: RHP Frank Cabrera
|
|
|
Batting: RHB Justin Marino
|
0-0: Swinging Strike 0-1: SINGLE (Groundball, 6MD, EV 82.5 MPH) (infield hit)
|
|
Batting: RHB Victor Alarcon
|
0-0: Called Strike 0-1: Called Strike 0-2: Ball 1-2: Ball Wild Pitch! Justin Marino to second 2-2: SINGLE (Line Drive, 89M, EV 100.0 MPH) Justin Marino to third
|
|
Batting: RHB Chris Fruit
|
0-0: Ball Victor Alarcon steals 2nd base 1-0: Ball 2-0: Swinging Strike 2-1: Called Strike 2-2: Ball 3-2: Base on Balls
|
|
Batting: SHB Aaron Neill
|
0-0: Ball 1-0: Called Strike 1-1: Fly out, F3 (Line Drive, 3, EV 68.1 MPH) Lined into DP, 3-5 (Line Drive, 3, EV 66.9 MPH)
|
|
Batting: SHB Jerry Duffy
|
0-0: Called Strike 0-1: Ball 1-1: Foul Ball, location: 2F 1-2: Ground out 6-3 (Groundball, 6S, EV 77.5 MPH)
|
| Top of the 7th over - 0 runs, 2 hits, 0 errors, 2 left on base; Madison 6 - Victoria 4 |
| BOTTOM OF THE 7TH |
|
Victoria Capitals batting - Pitching for Madison Brewers : RHP Alejandro Souto
|
|
Batting: LHB Taki Matsui
|
0-0: SOLO HOME RUN (Flyball, 7D, EV 99.4 MPH), Distance : 358 ft
|
|
Batting: SHB Carlos Luna
|
0-0: Fly out, F4 (Line Drive, 4, EV 67.5 MPH)
|
|
Batting: RHB Nick Edmunds
|
0-0: Called Strike 0-1: Swinging Strike 0-2: Ball 1-2: Ball 2-2: Strikes out swinging
|
|
Batting: LHB Chang Huie
|
0-0: Swinging Strike 0-1: Ball 1-1: Ball 2-1: SINGLE (Groundball, 34D, EV 95.6 MPH)
|
|
Batting: SHB Ray Skogen
|
0-0: Called Strike Chang Huie steals 2nd base 0-1: Ball 1-1: Ball 2-1: Ball 3-1: Ground out U3 (Groundball, 34, EV 102.5 MPH)
|
| Bottom of the 7th over - 1 run, 2 hits, 0 errors, 1 left on base; Madison 6 - Victoria 5 |
| TOP OF THE 8TH |
|
Madison Brewers batting - Pitching for Victoria Capitals : RHP Frank Cabrera
|
|
Batting: LHB Sal Burgos
|
0-0: Called Strike 0-1: Fly out, F7 (Line Drive, 7, EV 101.3 MPH)
|
|
Batting: SHB Ramon Perez
|
0-0: Ball 1-0: Swinging Strike 1-1: Ball 2-1: Ball 3-1: Swinging Strike 3-2: SINGLE (Line Drive, 7S, EV 87.5 MPH)
|
|
Batting: RHB Herb McIntyre
|
0-0: SINGLE (Flyball, 5D, EV 95.6 MPH) Ramon Perez to second
|
|
Pinch Runner at 2nd Rick Campbell:
|
|
|
Batting: RHB Alfredo Sena
|
0-0: Fly out, F3 (Popup, 3SF, EV 72.5 MPH)
|
|
Batting: RHB Justin Marino
|
0-0: Ball 1-0: Ball 2-0: Foul Ball, location: 2F 2-1: Ground out 3-1 (Groundball, 34S, EV 90.0 MPH)
|
| Top of the 8th over - 0 runs, 2 hits, 0 errors, 2 left on base; Madison 6 - Victoria 5 |
| BOTTOM OF THE 8TH |
|
Victoria Capitals batting - Pitching for Madison Brewers : RHP Alejandro Souto
|
|
Now at 3B: Nick Moore
|
|
|
Batting: RHB Jesus Santiago
|
0-0: Ball 1-0: Ball 2-0: Ball 3-0: Base on Balls
|
|
Pinch Hitting: RHB Tomokazu Sugimoto
|
0-0: Foul Ball, location: 2F 0-1: Ball 1-1: Sac Bunt to 2R - play at first, batter OUT! 2-4 Jesus Santiago to second
|
|
Pinch Hitting: SHB Garrett McKenna
|
0-0: Called Strike 0-1: Called Strike 0-2: Foul Ball, location: 2F 0-2: Ball 1-2: Strikes out swinging
|
|
Batting: RHB Heihachiro Fujita
|
0-0: Called Strike 0-1: Swinging Strike 0-2: Ground out 5-3 (Groundball, 5D, EV 81.9 MPH)
|
| Bottom of the 8th over - 0 runs, 0 hits, 0 errors, 1 left on base; Madison 6 - Victoria 5 |
| TOP OF THE 9TH |
|
Madison Brewers batting - Pitching for Victoria Capitals : RHP Frank Cabrera
|
|
Pitching: RHP Sid Lampone
|
|
|
Now at C: Garrett McKenna
|
|
|
Now at 2B: Tomokazu Sugimoto
|
|
|
Pinch Hitting: LHB Steven Donovan
|
0-0: Called Strike 0-1: Foul Ball, location: 2F 0-2: Ball 1-2: Strikes out swinging
|
|
Batting: RHB Chris Fruit
|
0-0: Called Strike 0-1: Called Strike 0-2: Strikes out swinging
|
|
Batting: SHB Aaron Neill
|
0-0: Ground out 1-3 (Groundball, 15S, EV 65.0 MPH)
|
| Top of the 9th over - 0 runs, 0 hits, 0 errors, 0 left on base; Madison 6 - Victoria 5 |
| BOTTOM OF THE 9TH |
|
Victoria Capitals batting - Pitching for Madison Brewers : RHP Alejandro Souto
|
|
Pitching: RHP Allen Gans
|
|
|
Now in RF: Cameron Rattenbury
|
|
|
Batting: LHB Taki Matsui
|
0-0: Ball 1-0: Ball 2-0: Called Strike 2-1: Ball 3-1: Base on Balls
|
|
Batting: SHB Carlos Luna
|
0-0: Ball 1-0: Grounds into double play, 6-4-3 (Groundball, 6, EV 80.0 MPH)
|
|
Batting: RHB Nick Edmunds
|
0-0: Called Strike 0-1: Ball 1-1: Ground out 4-3 (Groundball, 4S, EV 81.9 MPH)
|
| Bottom of the 9th over - 0 runs, 0 hits, 0 errors, 0 left on base; Madison 6 - Victoria 5 |
|